AoeStats
← VX | Oblígame Perro!

African Clearing

503972460Analyzed
4v4 RM · 1mo ago on Sep 3, 2026· 28m 57s· 8 players
Game mode
Random Map
Map size
Large (8 player)
Population
200
Speed
Normal
Resources
Standard
Victory
Conquest
Starting age
Dark Age
Ending age
Imperial Age
RankedLock teamsTeams togetherTeam positionsShared explorationLock speedFull tech treeHidden civsTurbo modeCheats
Victory
Defeat
🇬🇧 Berbers · United Kingdom
1548
+8
🇲🇽 Huns · Mexico
1468
+11
🇹🇼 Khitans · Taiwan
1455
+11
🇪🇸 Japanese · Spain
1384
+14
🇻🇪 Magyars · Venezuela
1450
-14
🇬🇧 Bulgarians · United Kingdom
1409
-14
🇦🇺 Romans · Australia
1374
-12
🇺🇸 Mongols · United States
1143
-4
VX | Oblígame Perro!
3:19 Loom
14:47 Feudal Age
22:45 Wheelbarrow
24:58 Double-Bit Axe
24:55 Horse Collar
Corpse Highlighter
11:06 Loom
13:18 Feudal Age
14:44 Town Watch
17:23 Castle Age
16:58 Fletching
17:23 Double-Bit Axe
18:29 Bodkin Arrow
20:39 Padded Archer Armor
23:08 Wheelbarrow
23:21 Husbandry
23:22 Horse Collar
25:54 Ballistics
27:44 Bloodlines
BBBBBBBB
9:59 Loom
12:11 Feudal Age
16:35 Domestication
22:14 Castle Age
20:45 Gold Mining
22:48 Double-Bit Axe
23:40 Bow Saw
24:48 Squires
24:52 Scale Mail Armor
25:03 Forging
26:17 Chain Mail Armor
邪惡貓貓頭ಥ_ಥ
13:51 Feudal Age
12:09 Loom
13:55 Feudal Age
18:12 Castle Age
16:06 Double-Bit Axe
17:25 Gold Mining
19:46 Bow Saw
20:47 Fletching
23:02 Bodkin Arrow
27:27 Wheelbarrow
26:39 Town Watch
NIGHTMARE FLARE
13:11 Loom
14:57 Feudal Age
21:03 Castle Age
19:41 Double-Bit Axe
20:02 Horse Collar
22:54 Fletching
Charlesmartel
3:25 Loom
5:14 Loom
13:30 Feudal Age
13:37 Man-at-Arms
15:10 Scale Mail Armor
19:23 Double-Bit Axe
23:07 Castle Age
21:48 Fletching
21:57 Gold Mining
21:50 Horse Collar
24:16 Bow Saw
tomtom>W<
3:09 Loom
15:53 Feudal Age
17:05 Double-Bit Axe
22:39 Castle Age
AG_Overrated
6:07 Loom
13:51 Feudal Age
17:35 Castle Age
16:14 Double-Bit Axe
18:39 Bow Saw
20:19 Corvinian Army
26:27 Horse Collar
Connection lost

Rejoining the realm…

Still unreachable

The connection could not be restored.

Session expired

The server has moved on; the page needs a fresh start.